 Dungeon Crawl Stone Soup version 0.23.2-40-g277498a001 (webtiles) character file.

Game seed: 3516537489297832744

66 BinkBink the Cudgeler (level 3, 0/34 HPs)
             Began as a Deep Dwarf Berserker on Aug 16, 2019.
             Was a Believer of Trog.
             Slain by a gnoll
             ... wielding a cursed +0 club
              (5 damage)
             ... on level 2 of the Dungeon.
             The game lasted 00:02:22 (1220 turns).

BinkBink the Cudgeler (Deep Dwarf Berserker)        Turns: 1220, Time: 00:02:23

Health: 0/34       AC:  3    Str: 21    XL:     3   Next: 96%
Magic:  3/3        EV: 13    Int:  7    God:    Trog [**....]
Gold:   155        SH:  0    Dex: 12    Spells: 2/2 levels left

rFire    . . .     SeeInvis .   a - +0 mace
rCold    . . .     Gourm    .   (no shield)
rNeg     . . .     Faith    .   b - +0 animal skin
rPois    .         Spirit   .   (no helmet)
rElec    .         Reflect  .   (no cloak)
rCorr    .         Harm     +   o - +0 pair of gloves
MR       .....                  (no boots)
Stlth    +.........             g - amulet of harm
HPRegen  0.00/turn              (no ring)
MPRegen  0.08/turn              (no ring)

@: non-regenerating
A: damage resistance, heal wounds, sense surroundings 1, no regeneration
a: Heal Wounds, Berserk, Trog's Hand, Renounce Religion


You were on level 2 of the Dungeon.
You worshipped Trog.
Trog was pleased with you.
You were very hungry.

You visited 1 branch of the dungeon, and saw 2 of its levels.

You collected 155 gold pieces.

Inventory:

Hand Weapons
 a - a +0 mace (weapon)
Armour
 b - a +0 animal skin (worn)
 o - a +0 pair of gloves (worn)
Jewellery
 g - an amulet of harm (around neck)
Wands
 s - a wand of flame (27)
Scrolls
 e - a scroll of noise {unknown}
 i - 4 scrolls of remove curse {unknown}
 j - 3 scrolls of identify {unknown}
 k - a scroll of amnesia {unknown}
 m - 2 scrolls of enchant weapon {unknown}
 q - a scroll of teleportation {unknown}
Potions
 d - a potion of might
 f - a potion of curing {unknown}
 h - a potion of heal wounds
 l - a potion of magic {unknown}
 n - a potion of resistance {unknown}
 p - a potion of brilliance
 r - a potion of ambrosia {unknown}
Comestibles
 c - 4 rations


   Skills:
 + Level 3.4 Fighting
 + Level 3.9 Maces & Flails
 + Level 2.4 Armour
 + Level 2.6 Dodging
 + Level 0.5 Stealth


You had 2 spell levels left.
You didn't know any spells.
Your spell library was empty.

Dungeon Overview and Level Annotations

Branches:
Dungeon (2/15)

Altars:


Innate Abilities, Weirdness & Mutations

You are resistant to damage.
You can heal yourself by infusing magical energy.
You passively map a small area around you.
You do not regenerate.


Message History

You see here a scroll labeled HUGI GALUE.
A gnoll comes into view. It is wielding a +0 club.
You closely miss the gnoll. The gnoll completely misses you.
You hit the gnoll.
The gnoll is heavily wounded.
The gnoll barely misses you.
You sock the gnoll!
You kill the gnoll!
Trog accepts your kill. The gnoll barely misses you. The gnoll misses you.
You sock the gnoll!
The gnoll is almost dead.
The gnoll hits you with a +0 club.
The gnoll hits you with a cursed +0 club.
You closely miss the gnoll.
The gnoll is almost dead.
The gnoll hits you with a +0 club!
* * * LOW HITPOINT WARNING * * *
The gnoll hits you with a cursed +0 club.
You die...

*
........#.#
#......#
........#.#
#......##
###.......#
#........ ,
#.###.###
#.......# *
#.###.#
#.......#
*#.....#
###+###.. *
*####?.# ,
### #..# **
, * #@g# *
* * *
#)g......,
, ,,
..####### *
* ,, ....
,* * , ,
,..>.., , *
* ....... ,
, , *
######## ,
, , , * *


You could see 2 gnolls.

Vanquished Creatures
  A gnoll (D:2)
  2 adders (D:2)
  A worm (D:2)
  A dart slug (D:1)
  A ball python (D:2)
  4 giant cockroaches
  5 goblins
  5 hobgoblins
  5 bats
  2 frilled lizards (D:1)
  3 kobolds
  2 rats (D:1)
32 creatures vanquished.

Notes
Turn   | Place    | Note
-------+----------+-------------------------------------------
     0 | D:1      | BinkBink the Deep Dwarf Berserker began the quest for the
                  | Orb.
     0 | D:1      | Reached XP level 1. HP: 20/20 MP: 1/1
   335 | D:1      | Reached XP level 2. HP: 12/28 MP: 2/2
   865 | D:2      | Reached XP level 3. HP: 27/34 MP: 3/3
   916 | D:2      | Reached ** piety under Trog
  1220 | D:2      | Slain by a gnoll

Skill      XL: |  1 |
---------------+----+-----
Fighting       | 3 |  3.4
Maces & Flails | |  3.9
Armour         | |  2.4
Dodging        | |  2.6
Stealth        | |  0.5

Action                   || total
-------------------------++-------
Melee: Mace              ||    91
  Use: Potion            ||     3
 Stab: Sleeping          ||     2
Armor: Animal skin       ||    19
Dodge: Dodged            ||    70
